 Dungeon Crawl Stone Soup version 0.31-a0-233-g139696dc86 (webtiles) character file.

Game seed: 9880975254143514178

2396 greasedhog the Basher (level 9, -2/97 HPs)
             Began as an Ogre Fighter on July 9, 2023.
             Slain by a gnoll
             ... wielding a +0 flail
             ... led by a gnoll sergeant
              (6 damage)
             ... on level 8 of the Dungeon on July 10, 2023.
             The game lasted 00:14:39 (7684 turns).

greasedhog the Basher (Ogre Fighter)                Turns: 7684, Time: 00:14:39

Health: -2/97      AC:  6    Str: 26    XL:     9   Next: 46%
Magic:  9/9        EV: 14    Int:  9    God:
Gold:   0          SH:  7    Dex:  8    Spells: 8/8 levels left

rFire   . . .        a - +0 flail
rCold   . . .        c - +0 kite shield
rNeg    . . .        b - +0 robe
rPois   +            (helmet restricted)
rElec   .            C - +2 cloak
rCorr   .            (gloves unavailable)
SInv    .            (boots unavailable)
Will    .....        (no amulet)
Stlth   +            g - +5 ring of evasion
HPRegen 0.36/turn    r - ring of poison resistance
MPRegen 0.11/turn

%: no passive effects
@: no status effects
A: large, unfitting armour, tough skin 1
a: no special abilities


You were on level 8 of the Dungeon.
You visited 2 branches of the dungeon, and saw 9 of its levels.
You also visited: Sewer.

Inventory:

Hand Weapons
 a - a +0 flail (weapon)
 F - a +0 giant spiked club
Missiles
 j - 32 poisoned darts
 x - 2 curare-tipped darts
 H - 2 throwing nets
Armour
 b - a +0 robe (worn)
 c - a +0 kite shield (worn)
 C - a +2 cloak (worn)
Jewellery
 g - a +5 ring of evasion (left hand)
 h - a ring of positive energy
 r - a ring of poison resistance (right hand)
 A - a ring of wizardry
Wands
 d - a wand of mindburst (14)
 s - a wand of flame (18)
 B - a wand of paralysis (8)
 D - a wand of light (9)
Scrolls
 e - 2 scrolls of fear
 f - 5 scrolls of blinking
 k - 2 scrolls of revelation
 m - 3 scrolls of fog
 u - a scroll of poison
 w - a scroll of teleportation
 y - a scroll of torment {unknown}
 G - a scroll of enchant weapon {unknown}
Potions
 i - 2 potions of mutation
 l - 5 potions of heal wounds
 o - a potion of curing
 p - 2 potions of brilliance {unknown}
 q - 3 potions of haste {unknown}
 t - a potion of ambrosia {unknown}
 v - a potion of invisibility {unknown}
 E - a potion of degeneration {unknown}
 I - a potion of resistance {unknown}


   Skills:
 + Level 8.4 Fighting
 * Level 9.4 Maces & Flails
 - Level 5.1 Dodging
 - Level 3.0 Shields


You had 8 spell levels left.
You didn't know any spells.
Your spell library contained the following spells:

 Spells                   Type           Power      Damage    Failure   Level
 Lesser Beckoning         Tloc           0%         N/A       77%         2
 Gell's Gravitas          Tloc           0%         N/A       94%         3
 Teleport Other           Tloc           0%         N/A       94%         3


Dungeon Overview and Level Annotations

Branches:
Dungeon (8/15)             Temple (1/1) D:4           Sewer (visited)
   Lair: D:8-11

Altars:
Ashenzari
Cheibriados
Elyvilon
Fedhas
Gozag
Hepliaklqana
Kikubaaqudgha
Makhleb
Nemelex Xobeh
Ru
Trog
Vehumet
Wu Jian
Xom
Yredelemnul
Zin
The Shining One

Shops:
D:7 (

Annotations:
D:4 1 transporter, Midn8's ghost, amateur VSWn
D:8 Maurice


Innate Abilities, Weirdness & Mutations

You are too large for most types of armour.
You have tough skin. (AC +1)


Message History

The gnoll sergeant hits you with a +0 trident!
* * * LOW HITPOINT WARNING * * *
Unknown command.
Aiming: Bolt of Light
Press: ? - help, Shift-Dir - straight line, f/p - gnoll
Aim: a gnoll, wielding a +0 flail (75% to hit)
The bolt of light hits the gnoll sergeant!
The gnoll sergeant is almost dead.
The gnoll sergeant is blinded.
The bolt of light hits the gnoll!
The gnoll is almost dead.
The gnoll is blinded.
The bolt of light hits the gnoll!
The gnoll is severely wounded.
The gnoll is blinded.
The gnoll misses you. You block the gnoll sergeant's attack.
You catch the helpless gnoll sergeant completely off-guard!
You sock the gnoll sergeant!
You kill the gnoll sergeant!
The gnoll hits you from afar with a +0 halberd.
* * * LOW HITPOINT WARNING * * *
You barely miss the gnoll. The gnoll barely misses you. x2
You block the gnoll's attack.
You hit the gnoll.
The gnoll is lightly wounded.
The gnoll hits you with a +0 flail!
* * * LOW HITPOINT WARNING * * *
You hit the gnoll but do no damage.
The gnoll is lightly wounded.
You block the gnoll's attack.
You sock the gnoll!
The gnoll is almost dead.
The gnoll barely misses you.
You hit the gnoll.
The gnoll is almost dead.
The gnoll completely misses you.
You barely miss the gnoll.
The gnoll is almost dead.
The gnoll hits you with a +0 flail.
* * * LOW HITPOINT WARNING * * *
The gnoll hits you with a +0 flail.
You die...

#....... ####.####..... #....<#
###########..... .#.....#
...........####. .gg....#
.#...#...#)####. #....#
................ #....#
.#...#...#..###. #....#
................
#....#####################.###>
#........))ggg@.#.##.......# #.
#..........####.#.##...##### #.
#..........# #.#.##...########
#..........####.#..............
#..........'..#...#....######..
#..........##.###.#.###.....#>.
#############.# #.#.#...###.#..
#.# #.#.....###.#..
#.###.....#.#...#..


You could see 3 gnolls.

Vanquished Creatures
  Menkaure (D:5)
  A steam dragon (D:7)
  Duvessa (D:4)
  An orc warrior (D:5)
  A black bear (D:6)
  2 ogres
  5 kobold brigands
  A gnoll sergeant (D:8)
  4 scorpions
  A bullfrog (D:7)
  A wight (D:5)
  Dowan (D:4)
  6 howler monkeys (D:8)
  4 hounds
  A gnoll bouda (D:8)
  An orc priest (D:7)
  Crazy Yiuf (D:5)
  A jelly (D:7)
  Ijyb (D:3)
  3 orc wizards (D:7)
  2 sleepcaps
  Robin (D:2)
  2 adders
  5 gnolls (D:8)
  A river rat (D:5)
  2 shadow imps
  3 white imps
  4 worms
  3 dart slugs
  18 orcs
  6 endoplasms
  2 giant cockroaches
  14 goblins
  11 hobgoblins
  10 jackals
  5 quokkas
  18 ball pythons
  13 bats
  6 frilled lizards
  21 kobolds
  10 rats
195 creatures vanquished.

Notes
Turn   | Place    | Note
-------+----------+-------------------------------------------
     0 | D:1      | greasedhog the Ogre Fighter began the quest for the Orb.
     0 | D:1      | Reached XP level 1. HP: 24/24 MP: 1/1
   117 | D:1      | Reached skill level 2 in Maces & Flails
   210 | D:1      | Reached XP level 2. HP: 30/33 MP: 2/2
   388 | D:1      | Reached XP level 3. HP: 41/41 MP: 3/3
   713 | D:2      | Reached skill level 5 in Fighting
   722 | D:2      | Noticed Robin
   764 | D:2      | Killed Robin
   891 | D:2      | Reached skill level 3 in Maces & Flails
   891 | D:2      | Reached XP level 4. HP: 31/50 MP: 4/4
  1412 | D:3      | Found a radiant altar of Vehumet.
  1543 | D:3      | Noticed Ijyb
  1557 | D:3      | Killed Ijyb
  1559 | D:3      | Reached XP level 5. HP: 13/57 MP: 5/5
  2321 | D:4      | Noticed Dowan
  2323 | D:4      | Noticed Duvessa
  2368 | D:3      | Reached skill level 4 in Maces & Flails
  2550 | D:4      | Killed Duvessa
  2551 | D:4      | Reached XP level 6. HP: 50/66 MP: 6/6
  2554 | D:4      | Killed Dowan
  2575 | D:4      | Reached skill level 5 in Maces & Flails
  2649 | D:4      | Noticed Midn8's ghost (amateur VSWn)
  2650 | D:4      | Found a transporter.
  2811 | D:4      | Noticed a moth of wrath
  2814 | D:4      | Found a bloodstained altar of Trog.
  2921 | D:4      | Found a staircase to the Ecumenical Temple.
  2928 | Temple   | Entered the Ecumenical Temple
  2928 | Temple   | Found a transporter.
  2928 | Temple   | Found a transporter.
  2930 | Temple   | Found a transporter.
  2930 | Temple   | Found a transporter.
  3153 | D:5      | Entered Level 5 of the Dungeon
  3251 | D:5      | Found a glowing drain.
  3255 | D:5      | Reached XP level 7. HP: 60/72 MP: 7/7
  3273 | Sewer    | Entered a sewer
  3586 | Sewer    | Reached skill level 6 in Maces & Flails
  4043 | D:5      | Reached XP level 8. HP: 63/81 MP: 8/8
  4233 | D:5      | Noticed Menkaure
  4240 | D:5      | Killed Menkaure
  4241 | D:5      | Reached skill level 7 in Maces & Flails
  4241 | D:5      | Reached skill level 5 in Dodging
  4676 | D:5      | Found a glowing silver altar of Zin.
  4676 | D:5      | Noticed an angel
  4742 | D:5      | Found a runed translucent door.
  4743 | D:5      | Noticed Crazy Yiuf
  4755 | D:5      | Killed Crazy Yiuf
  5272 | D:6      | Reached skill level 8 in Maces & Flails
  5642 | D:6      | Identified the +0 robe of Lucidity {*Corrode rF++ SInv
                  | Stlth+}
  6063 | D:7      | Reached XP level 9. HP: 75/93 MP: 9/9
  6298 | D:7      | Found Quustre's Weapon Shop.
  6983 | D:7      | Found a blossoming altar of Fedhas.
  7094 | D:8      | Identified the +7 falchion "Cioc" {freeze, rC+ Int+5 Dex+3}
  7120 | D:8      | Reached skill level 9 in Maces & Flails
  7242 | D:8      | Noticed Maurice
  7684 | D:8      | HP: 4/97 [gnoll/+0 flail[a gnoll sergeant] (6)]
  7684 | D:8      | Slain by a gnoll

Illustrated notes

Levels and vault maps discovered:
D:1:      giann_wishing_wells, layout_rooms, minmay_pentomino_w2
D:2:      layout_basic, serial_glass, glass_columns_a, glass_columns_b,
          minmay_strange_pillars, minmay_strange_pillars,
          minmay_strange_pillars, minmay_strange_pillars, uniq_robin
D:3:      layout_loops_ring, old_standard_altar, serial_rivers,
          chequers_serial_rivers_small_3, chequers_serial_rivers_room_a,
          chequers_serial_rivers_small_3, chequers_serial_rivers_room_b,
          chequers_serial_rivers_micro_d, chequers_serial_rivers_micro_a,
          kennysheep_generic_room_8, uniq_ijyb
D:4:      layout_gridville, tgw_trog, temple_green, gammafunk_ghost_smash,
          minmay_surrounded, uniq_duvessa
D:5:      layout_loops_ring, zin_angel, portal_sewer_entry_b,
          minmay_small_thing, uniq_menkaure, uniq_crazy_yiuf_cottage
D:6:      layout_loops_ring
D:7:      layout_gridville, fedhas_altar_decomposition, serial_shops, shop,
          minivault_26
D:8:      layout_basic, lemuel_coloured_pillars_altar,
          mainiacjoe_overflow_swirl, serial_demonic, serial_demonic_d,
          serial_demonic_d, serial_demonic_d, serial_demonic_a, enter_bailey_2,
          uniq_maurice
Temple:   hellmonk_temple_divided_pantheon

Skill      XL: |  1  2  3  4  5  6  7  8  9 |
---------------+----------------------------+-----
Maces & Flails | 2 3 4 5 6 8 9 |  9.4
Fighting       | 5 7 8 |  8.4
Dodging        | 3 4 5 |  5.1
Shields        | |  3.0

Action                     |  1- 3 |  4- 6 |  7- 9 || total
---------------------------+-------+-------+-------++-------
  Melee: Flail             |   155 |   179 |   411 ||   745
  Evoke: Wand              |       |     5 |    14 ||    19
    Use: Potion            |       |     1 |       ||     1
         Scroll            |       |     3 |     7 ||    10
   Stab: Invisible         |       |       |     1 ||     1
 Armour: Robe              |    45 |    29 |    79 ||   153
  Dodge: Dodged            |   107 |    99 |   251 ||   457
  Block: Kite shield       |    75 |    65 |   170 ||   310

Table legend: (Time is in decaauts)
 A = Elapsed time spent in this place.
 B = Non-inter-level travel time spent in this place.
 C = Inter-level travel time spent in this place.
 D = Time resting spent in this place.
 E = Time spent auto-exploring this place.
 F = Levels seen in this place.
 G = Mean time per level.
                   A        B        C        D        E       F      G
               +--------+--------+--------+--------+--------+-----+--------+
         Total |   7868 |   7651 |    217 |    583 |   5101 |  10 |  786.8 |
       Dungeon |   7393 |   7176 |    217 |    583 |   4864 |   8 |  924.1 |
        Temple |     38 |     38 |      0 |      0 |      0 |   1 |   38.0 |
         Sewer |    437 |    437 |      0 |      0 |    237 |   1 |  437.0 |
               +--------+--------+--------+--------+--------+-----+--------+

Top non-repeatable levels by time:
     D:5: 1288 daAuts
     D:7: 1243 daAuts
     D:3: 1138 daAuts
     D:6: 1005 daAuts
     D:4: 717 daAuts
     D:2: 704 daAuts
     D:1: 670 daAuts
     D:8: 624 daAuts
   Sewer: 437 daAuts
  Temple: 38 daAuts
